 Dungeon Sprint DCSS version 0.14-a0-50-gc6ee670 (console) character file.

9987 Dalvant the Scorcher (level 11, 0/62 HPs)
             Began as a Deep Elf Fire Elementalist on Sept 29, 2013.
             Was the Champion of Vehumet.
             Slain by a demonic crawler (4 damage)
             ... in the Dungeon (Sprint I: "Red Sonja").
             The game lasted 00:20:30 (2581 turns).

Dalvant the Scorcher (Deep Elf Fire Elementalist)   Turns: 2581, Time: 00:20:30

HP   0/62        AC  4     Str  3      XL: 11   Next: 27%
MP  11/30        EV 15     Int 24      God: Vehumet [******]
Gold 192         SH  0     Dex 17      Spells:  9 memorised, 12 levels left

Res.Fire  : . . .   See Invis. : +   t - staff of poison
Res.Cold  : + . .   Warding    : .   a - +0 elf robe
Life Prot.: . . .   Conserve   : .   (no shield)
Res.Poison: +       Res.Corr.  : .   n - +0 helmet {SInv}
Res.Elec. : .       Clarity    : .   (no cloak)
Sust.Abil.: . .     Spirit.Shd : .   s - +0 pair of dwarf gauntlets
Res.Mut.  : .       Prev.Telep.: +   (no boots)
Res.Rott. : .       Flight     : .   (no amulet)
Saprovore : . . .                    k - cursed ring of see invisible
                                     c - ring of protection from cold

@: somewhat resistant to hostile enchantments, quite stealthy
A: blurry vision 1, -10% mp, screaming 1, Str -2, Dex +2
a: Renounce Religion


You were in the Dungeon.
You worshipped Vehumet.
Vehumet was exalted by your worship.
You were not hungry.

You visited 1 branch You collected 1479 gold pieces.
You spent 1307 gold pieces at shops.

Inventory:

Armour
 a - a +0 elven robe (worn)
 m - a +0 helmet
 n - a +0 helmet of see invisible (worn)
 s - a +0 pair of dwarven gauntlets (worn)
Comestibles
 o - 2 meat rations
 r - 2 apples
 u - a pear
Scrolls
 i - 2 scrolls of blinking
 l - 2 scrolls of identify
Jewellery
 c - a ring of protection from cold (left hand)
 j - an uncursed ring of poison resistance
 k - a cursed ring of see invisible (right hand)
Potions
 d - 4 potions of curing
 f - a potion of speed
 g - 3 potions of magic
Books
 b - a book of Flames

   Spells                             Type                      Level
   *Flame Tongue                      Conjuration/Fire             1
   Throw Flame                        Conjuration/Fire             2
   Conjure Flame                      Conjuration/Fire             3
   Inner Flame                        Hexes/Fire                   3
   *Sticky Flame                      Conjuration/Fire             4
   *Fireball                          Conjuration/Fire             5
 p - a book of War Chants

   Spells                             Type                      Level
   Fire Brand                         Charms/Fire                  2
   Freezing Aura                      Charms/Ice                   2
   Shroud of Golubria                 Charms/Translocation         2
   *Repel Missiles                    Charms/Air                   2
   Poison Weapon                      Charms/Poison                3
   *Regeneration                      Charms/Necromancy            3
Magical staves
 t - an uncursed staff of poison (weapon)


   Skills:
 - Level 7.7 Fighting
 - Level 5.0 Dodging
 - Level 6.0 Stealth
 + Level 14.8 Spellcasting
 * Level 16.0 Conjurations
 - Level 4.2 Charms
 - Level 3.4 Necromancy
 + Level 17.4 Fire Magic
 - Level 2.1 Earth Magic


You had 12 spell levels left.
You knew the following spells:

 Your Spells              Type           Power        Failure   Level  Hunger
a - Flame Tongue          Conj/Fire      #####        0%          1    None
b - Stone Arrow           Conj/Erth      ######       1%          3    None
c - Sticky Flame          Conj/Fire      #######.     1%          4    None
d - Iskenderun's Mystic   Conj           #######.     1%          4    None
f - Repel Missiles        Chrm/Air       ####......   1%          2    None
v - Fireball              Conj/Fire      #######...   1%          5    None
A - Magic Dart            Conj           ####         0%          1    None
C - Iskenderun's Battles  Conj/Chrm      ######..     1%          4    None
I - Regeneration          Chrm/Necr      #####.....   1%          3    None


Dungeon Overview and Level Annotations

Branches:
Dungeon (1/1)

Altars:
Cheibriados
Elyvilon
Kikubaaqudgha
Okawaru
Sif Muna
Trog
Vehumet
the Shining One

Shops:
D =?}}/(?=[*+}**!?%*=[(


Innate Abilities, Weirdness & Mutations

You are agile. (Dex +2)
Your vision is a little blurry.
Your magical capacity is low (-10% MP).
You occasionally shout uncontrollably.
You are weak. (Str -2)


Message History

Confirm with . or Enter, or press ? or * to list all spells.
Aiming: Iskenderun's Mystic Blast
Press: ? - help, Shift-Dir - straight line, f/p - demonic crawler
Aim: a demonic crawler (heavily wounded, clinging)
The orb of energy hits the demonic crawler.
The demonic crawler is severely wounded.
The orb of energy explodes!
The mystic blast hits the demonic crawler.
The demonic crawler is heavily wounded.
Your battlesphere fires!
The barrage of energy hits the demonic crawler.
The demonic crawler is severely wounded.
The demonic crawler closely misses you. The demonic crawler hits you!
* * * LOW HITPOINT WARNING * * *
The demonic crawler hits you.
* * * LOW HITPOINT WARNING * * *
The demonic crawler hits you.
* * * LOW HITPOINT WARNING * * *
The demonic crawler hits you.
You die...

##########################************** **** ** *************
#<<#..)..#.['..#__#..'*..#,,*,,,,+,,,,,,+,, ,+,,,,* ,,,,,,,,*
#<.%..#..'..#..'..'..#).@#*+*,****,,,,,**,,+,,*,,,,* ,,,,,,,*
#..#####'#####'#__####...ss.#,* *** , *******+*,,,,,***** ,,,*
#..####..#...#(####§§#####..+,*+*,***+*,,,* ,,*,,, *,,,*, ,,*
#..#_.####..##.#§§§§.#§.#*+##* ,,*,*,**,,,*,,**,,,,*,∩ * ,,,*
#..#.....##'#..+§§§§§§§§#,,,,,*,,,* *,,***,*,, *** *,,,*,,,,*
#⌠⌠#_.∩...'..)_#≈)§.§#.§#,,,,, ,,,,,**,* ,*,,≈,,*,**** *,,,,*
####.....##_.#'##§#####§###,,,*,,,,,*,,***,*,,≈,**+*,,,,* ,, *
*,,#_._._###'#.#.§..###.§.# ,,***++ *,**,,,*,,≈ *,,,,,,,,**,,
############.####'###.###.#,,***,,***,,*+***,,≈*,,,,,,,,,,*,,*
#∩........'.).'.....'.∩##.#,,** * ,***,,,*,≈,,**,,,,,,,,,,**,*
###''''####...###########.# +*,,*,,*,*** *,≈,,*, , ,,,,,,,,*,*
#.......####.###.......##.#*,*,,,,, ,,,*, *,,*,,,,,,,,,,,,*,*
#........#.#'#§#.......§'§#* *,,,,,,,,,*,*,+,,**,,,,,,,, ,**,*
#..#.....#....§#'''######§#,,+,,, , **** *,**+**,,,,,,,,,,*,,*
#........#.[.[.#.(...§.(#.#****, ,* * ,,, , ≈≈≈**,,,,,,,, *,,*
#.....#..#######..(....#§.#, ,*****,, ****,*≈≈≈≈**,,,,,,**,,,*
#........##..........)≈#### ,,,,,,,,***,,,,* ≈≈≈≈********,,,,*
#..#.....##..........≈≈#*,,,,,,,**** ,, , ** ≈≈≈≈*≈≈≈≈≈*,,,,,*
#........###.......≈≈≈##*,,,,,,**,,,,,,,,*,,*+≈≈≈+≈≈,≈≈',,,,,*
###''''### ###..≈≈≈≈### *,,,,,**,,, ,,,, *,,,** ≈*≈≈≈≈≈*≈≈≈,,
#∩......∩####'######'###*,,,,,* ,,,,,,,,,* ,, ******'*****≈≈≈*
#........##∩∩########∩∩#***********,,, ,,*,,,,*≈≈≈≈≈≈ ≈≈≈**≈≈*
#∩......∩###∩∩∩∩∩∩∩∩∩∩##*≈≈≈≈≈≈≈≈,*, , ,*******≈≈≈≈≈≈≈≈≈≈≈≈≈*
########## ############ ***********,,,,,,+,,*,,+,,,≈≈≈≈≈ ≈* ≈*
*, , , ,,, ,,,, ,,+,,*,,,, ,,,≈≈≈*≈* * ***** ****** *** ***
********* ****


You could see 2 demonic crawlers.

Vanquished Creatures
  2 centaur warriors (D)
  2 unseen horrors (D)
  A deep troll (D)
  8 shining eyes (D)
  A giant amoeba (D)
  An oklob plant (D)
  2 demonic crawlers (D)
  Sonja (D)
  4 trapdoor spiders (D)
  An elephant slug (D)
  7 necrophages (D)
  A yellow wasp (D)
  2 kobold demonologists (D)
  An ogre (D)
  Sigmund (D)
  7 pulsating lumps (D)
  A jelly (D)
  Ijyb (D)
  6 giant eyeballs (D)
  A giant spore (D)
  A ballistomycete (D)
52 creatures vanquished.

Vanquished Creatures (others)
  A metal gargoyle (D)
  A giant spore (D)
2 creatures vanquished.

Grand Total: 54 creatures vanquished

Notes
Turn   | Place    | Note
--------------------------------------------------------------
     0 | D        | Dalvant, the Deep Elf Fire Elementalist, began the quest for the Orb.
     0 | D        | Reached XP level 1. HP: 10/10 MP: 4/4
     1 | D        | Noticed Ijyb
    10 | D        | Killed Ijyb
    10 | D        | Reached skill level 5 in Fire Magic
    10 | D        | Reached XP level 2. HP: 11/15 MP: 0/6
   139 | D        | Noticed an ogre
   142 | D        | Killed an ogre
   142 | D        | Reached skill level 5 in Dodging
   142 | D        | Reached skill level 8 in Fire Magic
   142 | D        | Reached XP level 3. HP: 19/19 MP: 4/10
   142 | D        | Reached XP level 4. HP: 24/24 MP: 4/12
   148 | D        | Learned a level 4 spell: Sticky Flame
   215 | D        | Noticed Sigmund
   215 | D        | Killed a metal gargoyle
   219 | D        | Killed Sigmund
   219 | D        | Reached skill level 1 in Fighting
   219 | D        | Reached skill level 9 in Fire Magic
   219 | D        | Reached XP level 5. HP: 12/28 MP: 7/16
   406 | D        | Found a bloodstained altar of Trog.
   406 | D        | Found a glowing golden altar of the Shining One.
   406 | D        | Found a radiant altar of Vehumet.
   406 | D        | Found a snail-covered altar of Cheibriados.
   406 | D        | Noticed a giant amoeba
   421 | D        | Killed a giant amoeba
   421 | D        | Reached skill level 5 in Spellcasting
   421 | D        | Reached skill level 5 in Conjurations
   421 | D        | Reached skill level 12 in Fire Magic
   421 | D        | Reached XP level 6. HP: 33/35 MP: 13/20
   421 | D        | Reached XP level 7. HP: 37/40 MP: 14/22
   428 | D        | Learned a level 5 spell: Fireball
   480 | D        | Became a worshipper of Vehumet
   492 | D        | Noticed a kobold demonologist
   494 | D        | Noticed a kobold demonologist
   494 | D        | Killed a kobold demonologist
   494 | D        | Reached skill level 5 in Fighting
   495 | D        | Killed a kobold demonologist
   495 | D        | Acquired Vehumet's first power
   495 | D        | Offered knowledge of Magic Dart by Vehumet.
   495 | D        | Reached skill level 13 in Fire Magic
   501 | D        | Learned a level 1 spell: Magic Dart
   530 | D        | Found a glowing golden altar of the Shining One.
   530 | D        | Noticed a jelly
   532 | D        | Found an iron altar of Okawaru.
   536 | D        | Killed a jelly
   611 | D        | Found a deep blue altar of Sif Muna.
   611 | D        | Found Oneink's Gadget Emporium.
   611 | D        | Found an ancient bone altar of Kikubaaqudgha.
   611 | D        | Found a white marble altar of Elyvilon.
   611 | D        | Noticed an elephant slug
   612 | D        | Found a snail-covered altar of Cheibriados.
   631 | D        | Killed an elephant slug
   641 | D        | Found a deep blue altar of Sif Muna.
   698 | D        | Noticed Sonja
   700 | D        | Killed Sonja
   700 | D        | Offered knowledge of Searing Ray by Vehumet.
   700 | D        | Reached XP level 8. HP: 32/46 MP: 14/25
   718 | D        | Found Xiheh's Jewellery Boutique.
   727 | D        | Bought an uncursed ring of poison resistance for 280 gold pieces
   727 | D        | Bought an uncursed ring of see invisible for 210 gold pieces
   856 | D        | Noticed a deep troll
   859 | D        | Killed a deep troll
   859 | D        | Reached skill level 14 in Fire Magic
   870 | D        | Found Vegoump's Armour Emporium.
   875 | D        | Bought a +0 helmet for 36 gold pieces
   955 | D        | Noticed a centaur warrior
   961 | D        | Noticed a centaur warrior
   961 | D        | Killed a centaur warrior
   961 | D        | Reached skill level 10 in Conjurations
   961 | D        | Reached skill level 15 in Fire Magic
   961 | D        | Reached XP level 9. HP: 50/52 MP: 7/28
   964 | D        | Killed a centaur warrior
   964 | D        | Offered knowledge of Stone Arrow by Vehumet.
   969 | D        | Learned a level 3 spell: Stone Arrow
  1095 | D        | Learned a level 2 spell: Repel Missiles
  1099 | D        | Learned a level 3 spell: Regeneration
  1100 | D        | Noticed a yellow wasp
  1104 | D        | Killed a yellow wasp
  1104 | D        | Acquired Vehumet's second power
  1149 | D        | Noticed an oklob plant
  1152 | D        | Killed an oklob plant
  1152 | D        | Reached skill level 10 in Spellcasting
  1152 | D        | Reached skill level 1 in Earth Magic
  1223 | D        | Noticed a trapdoor spider
  1225 | D        | Noticed a trapdoor spider
  1225 | D        | Noticed a trapdoor spider
  1225 | D        | Killed a trapdoor spider
  1321 | D        | Noticed a trapdoor spider
  1322 | D        | Killed a trapdoor spider
  1322 | D        | Offered knowledge of Olgreb's Toxic Radiance by Vehumet.
  1326 | D        | Killed a trapdoor spider
  1326 | D        | Reached skill level 16 in Fire Magic
  1329 | D        | Killed a trapdoor spider
  1329 | D        | Acquired Vehumet's third power
  1329 | D        | Reached XP level 10. HP: 23/57 MP: 8/30
  1453 | D        | Noticed an unseen horror
  1456 | D        | Noticed an unseen horror
  1458 | D        | Killed an unseen horror
  1463 | D        | Killed an unseen horror
  1463 | D        | Offered knowledge of Iskenderun's Mystic Blast by Vehumet.
  1469 | D        | Learned a level 4 spell: Iskenderun's Mystic Blast
  1553 | D        | Noticed a pulsating lump
  1553 | D        | Noticed a pulsating lump
  1553 | D        | Noticed a pulsating lump
  1553 | D        | Noticed a pulsating lump
  1553 | D        | Noticed a pulsating lump
  1553 | D        | Noticed a pulsating lump
  1553 | D        | Noticed a necrophage
  1553 | D        | Noticed a necrophage
  1555 | D        | Noticed a necrophage
  1555 | D        | Killed a pulsating lump
  1556 | D        | Noticed a necrophage
  1556 | D        | Killed a pulsating lump
  1556 | D        | Killed a pulsating lump
  1557 | D        | Noticed a necrophage
  1558 | D        | Noticed a pulsating lump
  1558 | D        | Noticed a necrophage
  1558 | D        | Killed a pulsating lump
  1558 | D        | Offered knowledge of Lee's Rapid Deconstruction by Vehumet.
  1559 | D        | Killed a pulsating lump
  1559 | D        | Killed a necrophage
  1560 | D        | Noticed a necrophage
  1560 | D        | Killed a necrophage
  1560 | D        | Killed a pulsating lump
  1562 | D        | Killed a pulsating lump
  1563 | D        | Killed a necrophage
  1588 | D        | Killed a necrophage
  1657 | D        | Killed a necrophage
  1764 | D        | Killed a necrophage
  1765 | D        | Killed a necrophage
  1765 | D        | Offered knowledge of Iskenderun's Battlesphere by Vehumet.
  1771 | D        | Learned a level 4 spell: Iskenderun's Battlesphere
  1856 | D        | Found Yplyex's General Store.
  1858 | D        | Found Kale's Jewellery Shoppe.
  1860 | D        | Found Noepn's Armour Boutique.
  1862 | D        | Found Chiesiar's Antique Weapon Emporium.
  1863 | D        | Found Mnagaug's Magic Scroll Shop.
  1866 | D        | Found Ryolyl's Assorted Antiques.
  1866 | D        | Found Phuinonu's Book Shop.
  1866 | D        | Found Lyocvy's Gadget Shoppe.
  1866 | D        | Found Bri Bruf's Assorted Antiques.
  1866 | D        | Found Straze's Assorted Antiques.
  1866 | D        | Found Thor Rarch's Distillery.
  1866 | D        | Found Yghauv's Magic Scroll Shoppe.
  1866 | D        | Found Gonaxet's Food Boutique.
  1868 | D        | Bought a scroll of remove curse for 30 gold pieces
  1868 | D        | Bought a scroll of identify for 20 gold pieces
  1868 | D        | Bought a scroll of magic mapping for 35 gold pieces
  1875 | D        | Found Gherunan's Jewellery Emporium.
  1879 | D        | Bought an oily orange potion for 19 gold pieces
  1885 | D        | Bought a meat ration for 44 gold pieces
  1885 | D        | Bought an apple for 8 gold pieces
  1885 | D        | Bought an apple for 8 gold pieces
  1885 | D        | Bought a meat ration for 44 gold pieces
  1901 | D        | Bought a scroll of blinking for 55 gold pieces
  1904 | D        | Bought a +0 pair of dwarven gauntlets for 20 gold pieces
  1908 | D        | Bought a thick glowing staff for 288 gold pieces
  1913 | D        | Bought a scroll labeled LYUXKO PSASO for 24 gold pieces
  1913 | D        | Bought a scroll labeled DESTRI DISOGYJ for 24 gold pieces
  1913 | D        | Bought a scroll labeled GUUBIAGEFU for 24 gold pieces
  1920 | D        | Bought a runed helmet for 55 gold pieces
  1924 | D        | Bought a scroll labeled STOGYV CROXEI for 22 gold pieces
  1924 | D        | Bought a scroll labeled QEQIGY PYATUER for 22 gold pieces
  1928 | D        | Bought a scroll labeled VANKUCYTTARCHY for 31 gold pieces
  1932 | D        | Bought a pear for 8 gold pieces
  2157 | D        | Noticed a shining eye
  2157 | D        | Noticed a shining eye
  2160 | D        | Gained mutation: Your magical capacity is low (-10% MP). [a shining eye]
  2164 | D        | Killed a shining eye
  2170 | D        | Noticed a shining eye
  2170 | D        | Gained mutation: You occasionally shout uncontrollably. [a shining eye]
  2170 | D        | Gained mutation: You are weak. (Str -2) [a shining eye]
  2171 | D        | Noticed a shining eye
  2172 | D        | Gained mutation: Your vision is a little blurry. [a shining eye]
  2178 | D        | Noticed a shining eye
  2178 | D        | Killed a shining eye
  2178 | D        | Reached skill level 17 in Fire Magic
  2180 | D        | Noticed a shining eye
  2181 | D        | Killed a shining eye
  2183 | D        | Killed a shining eye
  2183 | D        | Reached XP level 11. HP: 62/62 MP: 4/29
  2184 | D        | Noticed a shining eye
  2304 | D        | Killed a shining eye
  2304 | D        | Reached skill level 15 in Conjurations
  2325 | D        | Noticed a shining eye
  2329 | D        | Killed a shining eye
  2329 | D        | Offered knowledge of Bolt of Magma by Vehumet.
  2338 | D        | Gained mutation: You are agile. (Dex +2) [a shining eye]
  2341 | D        | Killed a shining eye
  2391 | D        | Killed a shining eye
  2506 | D        | Found Dosteowk's Magic Scroll Shoppe.
  2506 | D        | Found Omauczao's Magical Wand Shop.
  2506 | D        | Found Nimuac's Gadget Emporium.
  2506 | D        | Found Bamof's Weapon Boutique.
  2575 | D        | Noticed a demonic crawler
  2575 | D        | Noticed a demonic crawler
  2575 | D        | Noticed a demonic crawler
  2575 | D        | Noticed a demonic crawler
  2579 | D        | Killed a demonic crawler
  2580 | D        | Killed a demonic crawler
  2581 | D        | Slain by a demonic crawler

Action                   |  1- 3 |  4- 6 |  7- 9 | 10-12 || total
-------------------------+-------+-------+-------+-------++-------
Melee: Unarmed           |     4 |       |       |       ||     4
       Staff             |       |       |       |     3 ||     3
 Cast: Flame Tongue      |     6 |     5 |    13 |     7 ||    31
       Sticky Flame      |       |     2 |     7 |     8 ||    17
       Fireball          |       |       |    17 |    13 ||    30
       Stone Arrow       |       |       |     8 |     8 ||    16
       Magic Dart        |       |       |       |    19 ||    19
       Iskenderun's Myst |       |       |       |    13 ||    13
       Iskenderun's Batt |       |       |       |     7 ||     7
       Regeneration      |       |       |       |     1 ||     1
  Use: Potion            |     1 |       |     1 |     2 ||     4
       Scroll            |       |       |       |    10 ||    10
